 Dungeon Crawl Stone Soup version 0.31-a0-366-ga77b45bd9b (webtiles) character file.

Game seed: 4371021721358398105

47988 MacCMillion the Grappler (level 14, -2/124 HPs)
             Began as a Yellow Draconian Shapeshifter on July 28, 2023.
             Was an Elder of Qazlal.
             Slain by an orc warlord
             ... wielding a +4 war axe of flaming
              (13 damage)
             ... on level 1 of the Orcish Mines.
             The game lasted 00:40:09 (23695 turns).

MacCMillion the Grappler (DrSh)                    Turns: 23695, Time: 00:40:09

Health: -2/124     AC: 12    Str: 29    XL:     14   Next: 10%
Magic:  21/21      EV: 20    Int:  8    God:    Qazlal [****..]
Gold:   1793       SH: 10    Dex: 12    Spells: 13/13 levels left

rFire   . .          .
                       - Unarmed
rCold   . . .        (shield currently unavailable)
rNeg    . . .        (body armour unavailable)
rPois   .            (helmet restricted)
rElec   .            J - +2 cloak
rCorr   +            (gloves currently unavailable)
SInv    .            p - +0 pair of boots
Will    +....        H - amulet of reflection
Stlth   +            k - +6 ring of strength
HPRegen 0.40/turn    G - +5 ring of evasion
MPRegen 0.17/turn

%: repel missiles, reflection
@: about to teleport, short of breath, blade hands, studying Ranged Weapons
A: spit acid, AC +8, unfitting armour, acidic bite, cold-blooded, acid
resistance
a: Breathe Acid, Begin Untransformation, Renounce Religion, Upheaval, Elemental
Force


You were on level 1 of the Orcish Mines.
You worshipped Qazlal.
Qazlal was greatly pleased with you.
You had blades for hands.
You visited 4 branches of the dungeon, and saw 19 of its levels.
You also visited: Sewer.

You collected 1793 gold pieces.

Inventory:

Missiles
 i - 17 poisoned darts
 V - 12 javelins
Armour
 p - a +0 pair of boots (worn)
 J - a +2 cloak (worn)
 W - a +2 pair of gloves
Jewellery
 h - an amulet of guardian spirit
 k - a +6 ring of strength (left blade hand)
 G - a +5 ring of evasion (right blade hand)
 H - an amulet of reflection (around neck)
 I - a +6 ring of dexterity
 M - an amulet of faith
 N - a +4 ring of protection
 S - a ring of see invisible
 Y - a ring of positive energy
 Z - a ring of protection from cold
Talismans
 b - a beast talisman
 l - a granite talisman
 L - a blade talisman
 Q - a serpent talisman
Wands
 n - a wand of polymorph (18)
 s - a wand of acid (15)
 y - a wand of flame (9)
 O - a wand of roots (7)
 P - a wand of paralysis (10)
Scrolls
 e - 4 scrolls of enchant weapon {unknown}
 j - 8 scrolls of teleportation
 m - 5 scrolls of revelation
 o - 3 scrolls of poison
 u - 2 scrolls of vulnerability {unknown}
 w - 2 scrolls of enchant armour {unknown}
 x - 3 scrolls of butterflies {unknown}
 z - 3 scrolls of blinking {unknown}
 A - 3 scrolls of fog {unknown}
 C - a scroll of immolation {unknown}
 F - 3 scrolls of amnesia {unknown}
 U - 2 scrolls of torment
 X - a scroll of identify
Potions
 a - 4 potions of lignification
 c - 4 potions of resistance
 d - 2 potions of cancellation
 f - 6 potions of curing
 g - 9 potions of brilliance
 q - a potion of haste {unknown}
 r - 2 potions of mutation
 t - a potion of berserk rage {unknown}
 v - 2 potions of heal wounds
 B - a potion of magic {unknown}
 D - a potion of degeneration {unknown}
 E - a potion of might {unknown}
 K - a potion of ambrosia {unknown}
 R - 2 potions of enlightenment
Miscellaneous
 T - a box of beasts


   Skills:
 - Level 11.1 Fighting
 - Level 9.0 Dodging
 - Level 14.0 Unarmed Combat
 + Level 9.8 Invocations
 - Level 11.5 Shapeshifting


You had 13 spell levels left.
You didn't know any spells.
Your spell library contained the following spells:

 Spells                   Type           Power      Damage    Failure   Level
 Freeze                   Ice            0%         1d3       82%         1
 Kiss of Death            Conj/Necr      0%         2d5       82%         1
 Necrotise                Necr           0%         1d4       82%         1
 Summon Small Mammal      Summ           0%         N/A       82%         1
 Cigotuvi's Dreadful Rot  Necr/Pois/Air  0%         N/A       89%         2
 Scorch                   Fire           0%         2d5       89%         2
 Call Canine Familiar     Summ           0%         N/A       98%         3
 Confusing Touch          Hex            0%         N/A       98%         3
 Dazzling Flash           Conj/Hex       0%         N/A       98%         3
 Frozen Ramparts          Ice            0%         1d1       98%         3
 Hailstorm                Conj/Ice       0%         3d3       98%         3
 Ignite Poison            Fire/Tmut/Pois 0%         N/A       98%         3
 Portal Projectile        Hex/Tloc       0%         N/A       98%         3
 Summon Guardian Golem    Hex/Summ       0%         N/A       98%         3
 Tukima's Dance           Hex            0%         N/A       98%         3
 Vampiric Draining        Necr           0%         2d6       98%         3
 Vhi's Electric Charge    Tloc/Air       0%         N/A       98%         3
 Volatile Blastmotes      Fire/Tloc      0%         2d10      98%         3
 Animate Dead             Necr           0%         N/A       100%        4
 Dispel Undead            Necr           0%         3d6       100%        4
 Flame Wave               Conj/Fire      0%         2d4       100%        4
 Iskenderun's Mystic Bla  Conj/Tloc      0%         2d3       100%        4
 Leda's Liquefaction      Hex/Erth       0%         N/A       100%        4
 Agony                    Necr           0%         N/A       100%        5
 Arcjolt                  Conj/Air       0%         1d10      100%        5
 Freezing Cloud           Conj/Ice/Air   0%         6-21      100%        5
 Plasma Beam              Fire/Air       0%         2x1d10    100%        6
 Simulacrum               Ice/Necr       0%         N/A       100%        6
 Starburst                Conj/Fire      0%         6d3       100%        6
 Summon Cactus Giant      Summ           0%         N/A       100%        6
 Haunt                    Necr/Summ      0%         N/A       100%        7
 Ozocubu's Refrigeration  Ice            0%         4d7       100%        7
 Infestation              Necr           0%         N/A       100%        8
 Maxwell's Capacitive Co  Air            0%         ∞         100%        8
 Polar Vortex             Ice            0%         N/A       100%        9


Dungeon Overview and Level Annotations

Branches:
Dungeon (11/15)            Temple (1/1) D:4            Lair (5/5) D:11
 Shoals (0/4) Lair:3        Snake (0/4) Lair:2        Slime (0/5) Lair:4
    Orc (2/2) D:11          Sewer (visited)
    Elf: Orc:2

Altars:
Ashenzari
Cheibriados
Dithmenos
Elyvilon
Fedhas
Gozag
Hepliaklqana
Kikubaaqudgha
Makhleb
Nemelex Xobeh
Okawaru
Qazlal
Ru
Sif Muna
Trog
Uskayaw
Vehumet
Wu Jian
Xom
Yredelemnul
Zin
The Shining One
Jiyva

Annotations:
D:2 1 runed translucent door, Crazy Yiuf
D:7 2 transporters, CrazyBamboolord's ghost, novice DrSh
Lair:1 3 runed translucent doors, Olga's ghost, novice FeBe


Innate Abilities, Weirdness & Mutations

You have blades for hands.
Your spellcasting is less reliable in this form.
You are incapable of wielding weapons or throwing items.
You can spit globs of acid.
Your golden yellow scales are hard. (AC +8)
You cannot fit into any form of body armour.
You have acidic saliva.
You are cold-blooded and may be slowed by cold attacks.
You are resistant to acid. (rCorr)


Message History

The orc warlord closely misses you. The orc misses you.
The troll completely misses you. You block the troll's attack.
The troll barely misses you.
Things that are here:
a +2 scale mail of willpower; a +0 flail The orc warlord attacks as you move away!
You block the orc warlord's attack. The orc attacks as you move away!
You block the orc's attack. The orc hits you but does no damage.
The orc is engulfed in a thunderstorm.
You kill the orc!
Qazlal accepts your kill. The troll bites you! You block the troll's attack.
The troll claws you but does no damage.
Things that are here:
a +0 plate armour; a +0 war axe; an orc skeleton
Press: ? - help, Shift-Dir - straight line, f - orc warlord
Aim: an orc warlord, wielding a +4 war axe of flaming, wearing a +0 chain mail and wearing a +0 tower shield (85% to hit)
You spit a glob of acid.
The orc warlord blocks the glob of acid.
The orc warlord is engulfed in freezing vapours.
The orc warlord hits you with a +4 war axe of flaming!!
The orc warlord burns you. The troll closely misses you. The troll claws you.
The troll misses you.
Unknown command.
The troll attacks as you move away! You block the troll's attack.
The troll claws you but does no damage. The troll claws you.
The orc warlord is engulfed in freezing vapours.
The orc is engulfed in freezing vapours.
You kill the orc!
Qazlal accepts your kill.
As you read the scroll of teleportation, it crumbles to dust.
You feel strangely unstable. The ogre completely misses you.
The orc warlord hits you with a +4 war axe of flaming!!
* * * LOW HITPOINT WARNING * * *
The orc warlord burns you!
* * * LOW HITPOINT WARNING * * *
The ogre attacks as you move away! You block the ogre's attack.
The orc warlord attacks as you move away!
The orc warlord hits you with a +4 war axe of flaming!
You die...

..#...........................#
.#............................###
..............................#.#
..........#........#.............
..........#....[)...#............
...............)>).........^.....
...............[○.)..............
#....#.........○oO.......#.......
..............§o@T[..............
...............§..§..............
..............§.☼................
.....#..[...#.......[....#.......
..........[[.#[#........##..#....
...........[#...............##...
#....#.#)[..[[.[[.......##.#####.
........#.#.[[[.).....###### ##
#.#....####.[<[.).....##


You could see an orc warlord, a troll, an orc warrior (strong) and an ogre.

Vanquished Creatures
  An orc warlord (Orc:1)
  3 hydras
  4 catoblepae
  2 two-headed ogres
  An orc high priest (Orc:1)
  5 death yaks (Lair:5)
  A tengu warrior (D:11)
  Urug (Orc:1)
  Pikel (D:4)
  2 cyclopes (D:11)
  An orc sorcerer (Orc:2)
  An ugly thing (D:11)
  2 manticores (Lair:5)
  8 elephants
  4 black mambas
  Psyche (D:8)
  11 cane toads
  2 rime drakes (Lair:3)
  8 komodo dragons
  A tengu conjurer (D:10)
  3 trolls
  4 polar bears
  17 blink frogs
  Sigmund (D:5)
  A vampire (D:11)
  A shadow (D:10)
  A wraith (D:11)
  4 basilisks
  4 wyverns
  27 yaks
  3 nagas (Lair:2)
  4 wargs (D:11)
  2 acid dragons
  14 water moccasins
  Duvessa (D:6)
  2 black bears
  21 orc warriors
  14 wolves
  4 centaurs
  7 ogres
  A phantom (D:7)
  Blork the orc (D:5)
  A kobold brigand (D:7)
  16 bullfrogs
  6 scorpions
  15 wights
  Dowan (D:6)
  5 killer bees (D:10)
  8 electric eels
  A howler monkey (D:8)
  14 orc priests
  4 jellies
  A gnoll bouda (D:8)
  6 hounds
  Jessica (D:2)
  3 iguanas (D:5)
  23 orc wizards
  7 hell rats
  15 gnolls
  7 adders
  5 river rats (Sewer)
  2 shadow imps
  A white imp (D:6)
  4 dart slugs
  71 orcs
  4 endoplasms
  3 giant cockroaches
  4 goblins
  7 hobgoblins
  9 jackals
  6 quokkas
  16 ball pythons
  5 bats
  5 frilled lizards
  8 kobolds
  23 rats
  A spectral orc (D:11)
505 creatures vanquished.

Vanquished Creatures (collateral kills)
  4 death yaks
  An orc warrior (Orc:1)
  An ogre (Orc:1)
  An orc wizard (Orc:1)
  An orc (Orc:1)
8 creatures vanquished.

Grand Total: 513 creatures vanquished

Notes
Turn   | Place    | Note
-------+----------+-------------------------------------------
     0 | D:1      | MacCMillion the Draconian Shapeshifter began the quest for
                  | the Orb.
     0 | D:1      | Reached XP level 1. HP: 16/16 MP: 1/1
   293 | D:1      | Reached XP level 2. HP: 24/24 MP: 2/2
   635 | D:1      | Found a faded altar of an unknown god.
  1009 | D:2      | Found an iron altar of Okawaru.
  1098 | D:2      | Noticed Jessica
  1110 | D:2      | Killed Jessica
  1111 | D:2      | Reached XP level 3. HP: 24/30 MP: 1/3
  1222 | D:2      | Reached skill level 4 in Unarmed Combat
  1842 | D:2      | Reached XP level 4. HP: 31/38 MP: 2/4
  1910 | D:2      | Found a runed translucent door.
  1911 | D:2      | Noticed Crazy Yiuf
  2890 | D:3      | Reached XP level 5. HP: 44/46 MP: 5/5
  3476 | D:4      | Found a staircase to the Ecumenical Temple.
  3565 | Temple   | Entered the Ecumenical Temple
  3574 | Temple   | Became a worshipper of Qazlal Stormbringer
  3608 | D:5      | Entered Level 5 of the Dungeon
  3608 | D:5      | Noticed Pikel
  3608 | D:5      | Noticed a lemure
  3608 | D:5      | Noticed a lemure
  3608 | D:5      | Noticed a lemure
  3608 | D:5      | Noticed a lemure
  3609 | D:5      | Noticed Sigmund
  3667 | D:4      | Killed Pikel
  3668 | D:4      | Reached skill level 6 in Unarmed Combat
  3668 | D:4      | Reached XP level 6. HP: 57/57 MP: 3/6
  3668 | D:4      | Your scales start taking on a golden yellow colour.
  3668 | D:4      | Reached XP level 7. HP: 63/63 MP: 3/7
  3668 | D:4      | Gained mutation: You are resistant to acid. (rCorr) [Yellow
                  | Draconian growth]
  3973 | D:5      | Reached skill level 7 in Unarmed Combat
  4062 | D:5      | Noticed Blork the orc
  4069 | D:5      | Killed Blork the orc
  4738 | D:5      | Killed Sigmund
  4739 | D:5      | Reached skill level 8 in Unarmed Combat
  4739 | D:5      | Reached skill level 1 in Invocations
  4739 | D:5      | Reached XP level 8. HP: 60/70 MP: 8/8
  5323 | D:6      | Found a glowing drain.
  5327 | Sewer    | Entered a sewer
  5351 | Sewer    | Reached * piety under Qazlal
  5891 | Sewer    | Reached ** piety under Qazlal
  6274 | D:6      | Reached XP level 9. HP: 28/79 MP: 3/9
  6651 | D:6      | Noticed Duvessa
  6651 | D:6      | Noticed Dowan
  6668 | D:6      | Killed Duvessa
  6669 | D:6      | Reached skill level 9 in Unarmed Combat
  6676 | D:6      | Killed Dowan
  7261 | D:7      | Identified the +9 quarterstaff of Optimality {venom, rF+
                  | Dex+2}
  7411 | D:7      | Reached skill level 5 in Shapeshifting
  7544 | D:7      | Noticed a two-headed ogre
  7545 | D:7      | Found a transporter.
  7551 | D:7      | Found a transporter.
  7552 | D:7      | Found a bloodstained altar of Trog.
  7557 | D:7      | Noticed CrazyBamboolord's ghost (novice DrSh)
  7562 | D:7      | Reached skill level 5 in Dodging
  7591 | D:7      | Noticed a moth of wrath
  8568 | D:8      | Reached XP level 10. HP: 90/90 MP: 9/11
  8943 | D:8      | Reached *** piety under Qazlal
  9918 | D:9      | Reached skill level 10 in Unarmed Combat
  9971 | D:9      | Noticed Psyche
 10287 | D:8      | Killed Psyche
 10683 | D:10     | Entered Level 10 of the Dungeon
 10683 | D:10     | Found a glowing silver altar of Zin.
 10683 | D:10     | Found a shimmering blue altar of Sif Muna.
 10683 | D:10     | Found a white marble altar of Elyvilon.
 10683 | D:10     | Found a burning altar of Makhleb.
 10927 | D:10     | Reached skill level 5 in Invocations
 11648 | D:11     | Found a staircase to the Orcish Mines.
 11882 | D:11     | Noticed a two-headed ogre
 11889 | D:11     | Killed a two-headed ogre
 12059 | D:11     | Noticed a tengu warrior
 12435 | D:11     | Reached skill level 11 in Unarmed Combat
 12436 | D:11     | Reached XP level 11. HP: 97/97 MP: 12/16
 13198 | D:11     | Killed a tengu warrior
 13296 | D:11     | Noticed a purple ugly thing
 13301 | D:11     | Reached skill level 12 in Unarmed Combat
 13357 | D:11     | Killed a purple ugly thing
 13396 | D:11     | Found a basalt altar of Yredelemnul.
 13427 | D:11     | Found a staircase to the Lair.
 13807 | Lair:1   | Entered Level 1 of the Lair of Beasts
 13981 | Lair:1   | Found a runed translucent gate.
 13981 | Lair:1   | Found a runed translucent gate.
 13981 | Lair:1   | Found a runed translucent gate.
 13982 | Lair:1   | Noticed Olga's ghost (novice FeBe)
 14464 | Lair:1   | Reached **** piety under Qazlal
 15025 | Lair:2   | Noticed a death yak
 15025 | Lair:2   | Noticed a death yak
 15030 | Lair:2   | Noticed a death yak
 15037 | Lair:1   | Killed a death yak
 15038 | Lair:1   | Killed a death yak
 15039 | Lair:1   | Reached XP level 12. HP: 74/106 MP: 12/18
 16081 | Lair:2   | Noticed a death yak
 16094 | Lair:2   | Killed a death yak
 16097 | Lair:2   | Killed a death yak
 17211 | Lair:2   | Found a staircase to the Snake Pit.
 17288 | Lair:2   | Reached skill level 10 in Shapeshifting
 17819 | Lair:3   | Reached skill level 10 in Fighting
 17847 | Lair:3   | Noticed a five-headed hydra
 17870 | Lair:3   | Killed a five-headed hydra
 18119 | Lair:3   | Found a staircase to the Shoals.
 18243 | Lair:3   | Noticed a six-headed hydra
 18251 | Lair:3   | Killed a six-headed hydra
 19080 | Lair:4   | Reached skill level 13 in Unarmed Combat
 19281 | Lair:4   | Reached XP level 13. HP: 104/113 MP: 19/19
 19637 | Lair:4   | Found a staircase to the Slime Pits.
 19638 | Lair:4   | Found a viscous altar of Jiyva.
 20208 | Lair:5   | Entered Level 5 of the Lair of Beasts
 21264 | Lair:5   | Identified the +0 leather armour "Bayw" {+Blink rF+}
 21552 | Lair:5   | Reached ***** piety under Qazlal
 21708 | Lair:5   | Reached skill level 14 in Unarmed Combat
 22247 | Orc:1    | Entered Level 1 of the Orcish Mines
 22247 | Orc:1    | Noticed Urug
 22256 | Orc:1    | Killed Urug
 22897 | Orc:2    | Entered Level 2 of the Orcish Mines
 22991 | Orc:2    | Noticed an orc warlord
 23000 | Orc:2    | Gained mutation: You have acidic saliva. [Yellow Draconian
                  | growth]
 23000 | Orc:2    | Reached XP level 14. HP: 73/124 MP: 11/20
 23144 | Orc:2    | Noticed an orc warlord
 23213 | Orc:1    | Killed an orc warlord
 23695 | Orc:1    | Slain by an orc warlord

Illustrated notes

Levels and vault maps discovered:
D:1:      lightli_arrival_maybe_door_vault, layout_basic, serial_forest,
          infiniplex_forest_clump_curved, infiniplex_forest_clump_cross,
          infiniplex_forest_3_way, infiniplex_forest_lined_3,
          dilly_ecumenical_altar_fadedgnrine
D:2:      layout_basic, basic_altar, minmay_pentomino_r4, uniq_jessica,
          uniq_crazy_yiuf_cottage
D:3:      layout_basic
D:4:      layout_rooms, minmay_temple_entry_wispy
D:5:      layout_gridville, hex_medium, minivault_14, uniq_pikel,
          uniq_blork_the_orc, uniq_sigmund
D:6:      layout_basic, portal_sewer_entry_e, minmay_misc_feat_tower,
          uniq_duvessa
D:7:      layout_rooms, gammafunk_ghost_wrathful_warriors,
          minmay_misc_feat_more_columns
D:8:      nicolae_moon_pools, layout_layer_cave
D:9:      layout_roguey, chequers_serial_rivers_micro_a, uniq_psyche
D:10:     layout_loops_ring, chequers_temple_overflow_statue_of_worship
D:11:     layout_gridville, erik_lair_orcish_takeover,
          minmay_orc_entry_temple_small, chequers_arboretum,
          yredelemnul_forgotten_temple_becter
Temple:   compressed_dpeg_circular_temple
Lair:1:   layout_chaotic_city, ebering_ghost_rock_garden, minivault_24,
          minmay_hedge_maze
Lair:2:   layout_gridlike, nicolae_snake_entry_squirm, grunt_megastairs_5,
          serial_bayou_shore_b, infiniplex_staircase_pool, serial_bayou_shore_a
Lair:3:   layout_hall_layers, elwin_shoals_entry_rocks, st_stairs_8
Lair:4:   layout_regular_city, slime_entry_1, nicolae_quartered_pool_medium,
          grunt_megastairs_3, lemuel_fruit_tree
Lair:5:   evilmike_catoblepas_cave, layout_cave_shapes, serial_bayou_shore_b
Orc:1:    layout_caves, uniq_urug
Orc:2:    st_orc_open, layout_diamond_mine, serial_shops,
          nicolae_shop_waterfront

Skill      XL: |  1  2  3  4  5  6  7  8  9 10 11 12 13 14 |
---------------+-------------------------------------------+-----
Fighting       | 2 3 6 7 8 9 10 11 | 11.1
Unarmed Combat | 4 6 8 9 11 12 13 14 | 14.0
Dodging        | 2 3 5 6 7 9 |  9.0
Invocations    | 1 7 8 9 |  9.8
Shapeshifting  | 4 5 8 10 11 | 11.5

Action                     |  1- 3 |  4- 6 |  7- 9 | 10-12 | 13-15 || total
---------------------------+-------+-------+-------+-------+-------++-------
  Melee: Unarmed           |    88 |   112 |   244 |   465 |   272 ||  1181
         Tailslap          |     8 |    12 |    33 |    59 |    43 ||   155
         Punch             |     2 |     1 |    16 |    30 |    21 ||    70
         Quarterstaff      |       |       |     4 |       |       ||     4
         Constrict         |       |       |       |    18 |     2 ||    20
         Bite              |       |       |       |       |     3 ||     3
  Throw: Dart              |       |     2 |       |       |       ||     2
 Invoke: Upheaval          |       |       |       |     6 |     4 ||    10
         Elemental Force   |       |       |       |     2 |     1 ||     3
         Disaster Area     |       |       |       |       |     2 ||     2
Ability: Breathe Acid      |       |       |    21 |    18 |     3 ||    42
  Evoke: Wand              |       |       |     5 |       |       ||     5
    Use: Scroll            |       |     6 |     2 |     4 |     2 ||    14
         Potion            |       |     1 |       |     1 |       ||     2
   Stab: Sleeping          |     1 |       |     1 |       |       ||     2
         Distracted        |       |       |     1 |       |       ||     1
         Paralysed         |       |       |       |     1 |     1 ||     2
 Armour: Skin              |    18 |    32 |    73 |    70 |    65 ||   258
  Dodge: Dodged            |    55 |    34 |   153 |   254 |   261 ||   757
         Repelled          |       |       |       |       |     3 ||     3
  Block: Other             |       |       |    15 |   175 |   177 ||   367
         Reflection        |       |       |       |     2 |     5 ||     7
   Form: Blade             |       |       |       |     1 |     1 ||     2
         Anaconda          |       |       |       |     1 |     1 ||     2

Table legend: (Time is in decaauts)
 A = Elapsed time spent in this place.
 B = Non-inter-level travel time spent in this place.
 C = Inter-level travel time spent in this place.
 D = Time resting spent in this place.
 E = Time spent auto-exploring this place.
 F = Levels seen in this place.
 G = Mean time per level.
                   A        B        C        D        E       F      G
               +--------+--------+--------+--------+--------+-----+--------+
         Total |  23544 |  22771 |    773 |   8286 |  10833 |  20 | 1177.2 |
       Dungeon |  13624 |  13107 |    517 |   4247 |   6858 |  11 | 1238.5 |
        Temple |     19 |     19 |      0 |      0 |      0 |   1 |   19.0 |
          Lair |   8323 |   8078 |    245 |   3275 |   3598 |   5 | 1664.6 |
  Orcish Mines |    843 |    834 |      9 |    327 |    311 |   2 |  421.5 |
         Sewer |    731 |    731 |      0 |    437 |     66 |   1 |  731.0 |
               +--------+--------+--------+--------+--------+-----+--------+

Top non-repeatable levels by time:
     D:8: 2101 daAuts
  Lair:1: 2004 daAuts
    D:10: 1939 daAuts
  Lair:2: 1922 daAuts
  Lair:3: 1676 daAuts
    D:11: 1638 daAuts
  Lair:4: 1536 daAuts
     D:6: 1207 daAuts
     D:4: 1197 daAuts
  Lair:5: 1184 daAuts
     D:5: 1103 daAuts
     D:2: 1101 daAuts
     D:1: 1007 daAuts
     D:3: 859 daAuts
     D:7: 825 daAuts
